General information
- name: BNet
- type: Ladder team game (AT/RT)
- host: Battle.net
- saver: Turncoat
map: Deadlock
- players: 8
- length: 34:57
- speed: Fast
- version: 1.26 W3XP
- replay type: Public
» download(243 KB)
Players
team 1 (loser)

»
ssjsgj (
purple | 114 APM | 3979 actions | 34:55)
8 Warden
3 Fan of Knives
3 Blink
1 Spirit of Vengeance
1 Shadow Strike
3 Keeper of the Grove
2 Entangling Roots
1 Thorns Aura
1 Demon Hunter
1 Evasion
3 Archmage
1 Brilliance Aura
1 Mass Teleport
1 Summon Water Elemental
» actions
| Assign group hotkey | 61 | |
| Basic commands | 78 | |
| Build / train | 125 | |
| Enter build submenu | 35 | |
| Enter hero's abilities submenu | 16 | |
| Right click | 1391 | |
| Select / deselect | 571 | |
| Select group hotkey | 1453 | |
| Use ability | 249 | |
3979 total
» units
| Wisp | 17 | |
| Huntress | 4 | |
| Dryad | 12 | |
| Hippogryph | 9 | |
| Chimaera | 4 | |
46 total
» upgrades
| Strength of the Wild | 6 | |
| Abolish Magic | 1 | |
| Reinforced Hides | 4 | |
| Corrosive Breath | 1 | |
| Nature's Blessing | 1 | |
13 total
» buildings
| Altar of Elders | 1 | |
| Moon Well | 12 | |
| Ancient of War | 1 | |
| Hunter's Hall | 2 | |
| Tree of Ages | 7 | |
| Tree of Life | 2 | |
| Ancient of Lore | 2 | |
| Tree of Eternity | 3 | |
| Ancient of Wonders | 1 | |
| Ancient of Wind | 2 | |
| Chimaera Roost | 3 | |
| Ancient Protector | 2 | |
| Town Hall | 1 | |
| Scout Tower | 4 | |
43 total
» build order
00:04 Altar of Elders
00:05 Moon Well
01:06 Ancient of War
01:45 Moon Well
02:03 Hunter's Hall
02:47 Moon Well
02:58 Tree of Ages
02:58 Tree of Ages
02:59 Tree of Ages
03:46 Moon Well
04:40 Moon Well
05:17 Tree of Life
05:37 Ancient of Lore
06:26 Tree of Ages
06:26 Tree of Ages
06:35 Hunter's Hall
06:46 Tree of Eternity
07:44 Ancient of Lore
08:01 Ancient of Wonders
09:32 Tree of Eternity
09:32 Tree of Eternity
09:35 Ancient of Wind
09:40 Ancient of Wind
10:34 Moon Well
11:15 Moon Well
12:26 Moon Well
12:30 Chimaera Roost
12:32 Chimaera Roost
13:27 Moon Well
13:36 Moon Well
14:46 Moon Well
14:58 Chimaera Roost
18:13 Moon Well
19:48 Ancient Protector
19:49 Ancient Protector
26:38 Tree of Life
32:13 Town Hall
32:15 Scout Tower
32:16 Scout Tower
32:17 Scout Tower
32:18 Scout Tower
» items
| Scroll of Town Portal | 5 | |
| Periapt of Vitality | 1 | |
| Boots of Speed | 1 | |
| Staff of Teleportation | 1 | |
| Scroll of Regeneration | 1 | |
9 total

»
tauro.gt (
orange | 26 APM | 161 actions | 06:05)
1 Demon Hunter
1 Immolation
» actions
| Build / train | 19 | |
| ESC pressed | 1 | |
| Enter build submenu | 5 | |
| Enter hero's abilities submenu | 1 | |
| Right click | 95 | |
| Select / deselect | 29 | |
| Use ability | 11 | |
161 total
» units
» buildings
| Altar of Elders | 1 | |
| Moon Well | 2 | |
3 total
» build order
00:20 Altar of Elders
00:38 Moon Well
02:51 Moon Well
JakeFalstaff (
yellow | 53 APM | 1077 actions | 20:25)
4 Archmage
2 Summon Water Elemental
2 Brilliance Aura
» actions
| Assign group hotkey | 111 | |
| Basic commands | 43 | |
| Build / train | 63 | |
| Enter build submenu | 52 | |
| Enter hero's abilities submenu | 4 | |
| Give item / drop item | 1 | |
| Right click | 416 | |
| Select / deselect | 231 | |
| Select group hotkey | 76 | |
| Use ability | 80 | |
1077 total
» units
| Peasant | 19 | |
| Footman | 5 | |
| Gryphon Rider | 4 | |
28 total
» upgrades
| Lumber Harvesting | 2 | |
| Masonry | 3 | |
| Storm Hammers | 1 | |
| Animal War Training | 1 | |
| Swords | 2 | |
| Armor | 2 | |
11 total
» buildings
| Altar of Kings | 1 | |
| Barracks | 1 | |
| Farm | 12 | |
| Scout Tower | 28 | |
| Arcane Tower | 1 | |
| Arcane Vault | 2 | |
| Keep | 1 | |
| Lumber Mill | 2 | |
| Town Hall | 1 | |
| Guard Tower | 7 | |
| Castle | 1 | |
| Blacksmith | 2 | |
| Gryphon Aviary | 4 | |
63 total
» build order
00:37 Altar of Kings
00:38 Barracks
00:54 Farm
01:06 Farm
01:08 Farm
01:47 Scout Tower
01:52 Farm
02:34 Arcane Tower
03:24 Arcane Vault
04:12 Keep
05:53 Lumber Mill
07:53 Town Hall
08:10 Scout Tower
08:12 Scout Tower
08:14 Scout Tower
08:17 Scout Tower
08:27 Scout Tower
08:29 Scout Tower
08:31 Scout Tower
08:33 Scout Tower
08:40 Arcane Vault
09:18 Guard Tower
09:30 Castle
09:45 Scout Tower
09:48 Scout Tower
09:51 Scout Tower
09:53 Scout Tower
09:53 Scout Tower
09:54 Scout Tower
09:55 Scout Tower
11:01 Guard Tower
11:05 Scout Tower
11:06 Scout Tower
11:06 Scout Tower
11:10 Scout Tower
11:10 Scout Tower
11:11 Scout Tower
12:28 Guard Tower
13:21 Blacksmith
13:23 Blacksmith
13:31 Scout Tower
13:31 Scout Tower
13:31 Scout Tower
13:32 Scout Tower
13:33 Scout Tower
13:33 Scout Tower
14:15 Guard Tower
14:15 Guard Tower
14:15 Guard Tower
14:38 Gryphon Aviary
14:39 Gryphon Aviary
14:41 Gryphon Aviary
14:43 Gryphon Aviary
15:33 Lumber Mill
16:34 Farm
20:11 Farm
20:11 Farm
20:11 Farm
20:12 Farm
20:14 Farm
20:15 Farm
20:15 Farm
» items
| Scroll of Regeneration | 6 | |
| Potion of Healing | 2 | |
| Scroll of Town Portal | 1 | |
9 total
spidervan (
green | 27 APM | 937 actions | 34:50)
5 Archmage
2 Summon Water Elemental
1 Blizzard
2 Brilliance Aura
» actions
| Basic commands | 5 | |
| Build / train | 98 | |
| Enter build submenu | 44 | |
| Enter hero's abilities submenu | 4 | |
| Right click | 441 | |
| Select / deselect | 280 | |
| Use ability | 65 | |
937 total
» units
| Peasant | 16 | |
| Rifleman | 32 | |
| Mortar Team | 9 | |
| Gryphon Rider | 9 | |
66 total
» upgrades
| Masonry | 3 | |
| Gunpowder | 3 | |
| Armor | 3 | |
| Lumber Harvesting | 2 | |
| Long Rifles | 1 | |
| Flare | 1 | |
| Fragmentation Shards | 1 | |
14 total
» buildings
| Farm | 13 | |
| Lumber Mill | 2 | |
| Altar of Kings | 1 | |
| Scout Tower | 16 | |
| Barracks | 1 | |
| Guard Tower | 10 | |
| Blacksmith | 1 | |
| Keep | 1 | |
| Castle | 1 | |
| Workshop | 1 | |
| Town Hall | 6 | |
53 total
» build order
00:46 Farm
01:14 Lumber Mill
01:24 Lumber Mill
01:42 Farm
02:01 Altar of Kings
02:19 Farm
02:45 Scout Tower
02:59 Farm
03:10 Barracks
03:16 Guard Tower
03:21 Blacksmith
03:37 Scout Tower
03:44 Keep
04:04 Scout Tower
05:24 Guard Tower
05:28 Scout Tower
05:31 Scout Tower
06:20 Guard Tower
06:24 Scout Tower
06:59 Guard Tower
07:02 Castle
07:19 Scout Tower
07:44 Farm
08:21 Farm
08:26 Guard Tower
08:30 Scout Tower
09:24 Guard Tower
09:31 Scout Tower
09:34 Farm
09:37 Farm
09:46 Workshop
10:38 Town Hall
12:18 Scout Tower
12:25 Farm
13:33 Town Hall
14:44 Town Hall
15:21 Scout Tower
15:57 Guard Tower
16:01 Scout Tower
16:12 Scout Tower
16:15 Scout Tower
16:39 Guard Tower
16:50 Farm
16:52 Guard Tower
17:39 Scout Tower
18:00 Guard Tower
18:04 Scout Tower
18:34 Town Hall
19:01 Farm
19:47 Farm
23:54 Town Hall
25:06 Farm
26:46 Town Hall
team 2 (winner)
metilica (
blue | 34 APM | 1193 actions | 34:55)
2 Blademaster
1 Wind Walk
1 Critical Strike
1 Tauren Chieftain
1 War Stomp
» actions
| Basic commands | 2 | |
| Build / train | 69 | |
| Enter build submenu | 18 | |
| Enter hero's abilities submenu | 3 | |
| Right click | 707 | |
| Select / deselect | 325 | |
| Use ability | 68 | |
1193 total
» units
| Peon | 8 | |
| Grunt | 13 | |
| Demolisher | 4 | |
| Tauren | 5 | |
30 total
» upgrades
| Pillage | 1 | |
| Melee Weapons | 3 | |
| Armor | 3 | |
| Berserker Strength | 1 | |
| Burning Oil | 1 | |
| Pulverize | 1 | |
| Ranged Weapons | 1 | |
11 total
» buildings
| Altar of Storms | 1 | |
| Orc Burrow | 10 | |
| Barracks | 1 | |
| War Mill | 1 | |
| Stronghold | 1 | |
| Voodoo Lounge | 1 | |
| Fortress | 4 | |
| Tauren Totem | 2 | |
| Great Hall | 1 | |
22 total
» build order
00:29 Altar of Storms
00:37 Orc Burrow
00:48 Barracks
02:18 War Mill
02:23 Orc Burrow
03:47 Orc Burrow
05:25 Stronghold
05:51 Orc Burrow
06:38 Voodoo Lounge
08:30 Orc Burrow
08:34 Fortress
08:34 Fortress
08:34 Fortress
13:12 Tauren Totem
14:10 Orc Burrow
15:52 Orc Burrow
17:35 Great Hall
18:04 Tauren Totem
20:02 Orc Burrow
20:05 Orc Burrow
20:09 Orc Burrow
» items
| Healing Salve | 2 | |
| Scroll of Speed | 2 | |
| Boots of Speed | 1 | |
| Scroll of Town Portal | 2 | |
| Scroll of Healing | 1 | |
8 total

»
massitems (
red | 50 APM | 1748 actions | 34:55)
5 Mountain King
2 Thunder Clap
3 Storm Bolt
4 Paladin
2 Holy Light
1 Devotion Aura
1 Divine Shield
3 Archmage
2 Summon Water Elemental
1 Brilliance Aura
» actions
| Assign group hotkey | 75 | |
| Basic commands | 134 | |
| Build / train | 141 | |
| ESC pressed | 2 | |
| Enter build submenu | 62 | |
| Enter hero's abilities submenu | 14 | |
| Right click | 360 | |
| Select / deselect | 342 | |
| Select group hotkey | 490 | |
| Use ability | 128 | |
1748 total
» units
| Peasant | 26 | |
| Footman | 4 | |
| Rifleman | 1 | |
| Siege Engine | 9 | |
| Dragonhawk Rider | 11 | |
| Knight | 5 | |
| Spell Breaker | 6 | |
62 total
» upgrades
| Swords | 3 | |
| Plating | 3 | |
| Masonry | 3 | |
| Lumber Harvesting | 2 | |
| Gunpowder | 3 | |
| Animal War Training | 1 | |
| Control Magic | 1 | |
| Barrage | 1 | |
| Cloud | 1 | |
| Magic Sentry | 1 | |
| Armor | 3 | |
22 total
» buildings
| Altar of Kings | 1 | |
| Farm | 11 | |
| Barracks | 1 | |
| Lumber Mill | 2 | |
| Blacksmith | 1 | |
| Town Hall | 3 | |
| Keep | 1 | |
| Scout Tower | 32 | |
| Arcane Vault | 4 | |
| Guard Tower | 14 | |
| Workshop | 2 | |
| Arcane Sanctum | 1 | |
| Gryphon Aviary | 1 | |
| Castle | 1 | |
75 total
» build order
00:58 Altar of Kings
01:03 Farm
01:24 Barracks
01:27 Farm
01:42 Farm
02:22 Farm
02:36 Lumber Mill
02:51 Blacksmith
04:51 Town Hall
04:59 Keep
05:08 Scout Tower
05:10 Scout Tower
05:19 Arcane Vault
05:35 Guard Tower
05:57 Arcane Vault
06:34 Scout Tower
07:03 Guard Tower
07:06 Scout Tower
07:07 Scout Tower
08:09 Guard Tower
08:30 Workshop
08:37 Arcane Sanctum
08:41 Gryphon Aviary
08:48 Farm
08:50 Farm
09:12 Scout Tower
09:14 Scout Tower
09:24 Scout Tower
09:25 Scout Tower
09:27 Castle
09:32 Scout Tower
09:34 Scout Tower
09:44 Lumber Mill
09:58 Guard Tower
10:22 Guard Tower
10:51 Scout Tower
10:52 Scout Tower
10:57 Guard Tower
11:33 Guard Tower
12:46 Guard Tower
13:34 Scout Tower
13:35 Scout Tower
13:38 Scout Tower
13:39 Scout Tower
14:18 Farm
14:22 Farm
14:28 Farm
14:33 Guard Tower
15:35 Town Hall
16:13 Scout Tower
16:15 Scout Tower
16:17 Scout Tower
16:20 Arcane Vault
16:44 Guard Tower
17:51 Guard Tower
18:10 Workshop
18:57 Scout Tower
19:01 Scout Tower
19:08 Scout Tower
20:53 Scout Tower
20:55 Scout Tower
21:24 Guard Tower
22:25 Guard Tower
24:29 Scout Tower
24:33 Scout Tower
26:25 Farm
31:31 Farm
33:25 Town Hall
33:29 Scout Tower
33:31 Scout Tower
33:33 Arcane Vault
33:35 Scout Tower
34:47 Guard Tower
34:51 Scout Tower
34:53 Scout Tower
» items
| Scroll of Regeneration | 3 | |
| Boots of Speed | 2 | |
| Potion of Lesser Invulnerability | 2 | |
| Scroll of Protection | 1 | |
| Scroll of Healing | 1 | |
| Periapt of Vitality | 1 | |
| Potion of Healing | 5 | |
| Potion of Mana | 3 | |
| Scroll of Town Portal | 5 | |
23 total
Turncoat (
pink | 103 APM | 3595 actions | 34:57)
8 Archmage
3 Summon Water Elemental
3 Brilliance Aura
1 Mass Teleport
1 Blizzard
7 Pit Lord
3 Rain of Fire
3 Howl of Terror
1 Doom
» actions
| Assign group hotkey | 89 | |
| Basic commands | 77 | |
| Build / train | 178 | |
| ESC pressed | 6 | |
| Enter build submenu | 61 | |
| Enter hero's abilities submenu | 15 | |
| Give item / drop item | 8 | |
| Right click | 1281 | |
| Select / deselect | 632 | |
| Select group hotkey | 932 | |
| Use ability | 316 | |
3595 total
» units
| Peasant | 24 | |
| Footman | 14 | |
| Gryphon Rider | 2 | |
| Dragonhawk Rider | 12 | |
| Flying Machine | 13 | |
65 total
» upgrades
| Masonry | 3 | |
| Defend | 1 | |
| Lumber Harvesting | 2 | |
| Swords | 3 | |
| Storm Hammers | 1 | |
| Animal War Training | 1 | |
| Armor | 3 | |
| Cloud | 1 | |
| Gunpowder | 2 | |
| Flak Cannons | 1 | |
| Plating | 2 | |
| Flying Machine Bombs | 1 | |
21 total
» buildings
| Altar of Kings | 1 | |
| Barracks | 1 | |
| Farm | 11 | |
| Arcane Vault | 1 | |
| Town Hall | 3 | |
| Lumber Mill | 1 | |
| Scout Tower | 32 | |
| Arcane Tower | 2 | |
| Keep | 3 | |
| Guard Tower | 30 | |
| Blacksmith | 1 | |
| Castle | 2 | |
| Gryphon Aviary | 4 | |
| Workshop | 2 | |
94 total
» build order
00:13 Altar of Kings
00:15 Barracks
00:18 Farm
01:01 Farm
01:36 Farm
02:11 Farm
02:53 Arcane Vault
03:34 Town Hall
04:43 Lumber Mill
04:52 Scout Tower
04:56 Scout Tower
05:01 Farm
05:23 Arcane Tower
05:24 Arcane Tower
06:22 Keep
06:23 Keep
06:26 Scout Tower
06:30 Scout Tower
06:37 Scout Tower
06:53 Farm
06:58 Guard Tower
07:01 Guard Tower
07:08 Guard Tower
07:08 Guard Tower
07:23 Scout Tower
07:37 Scout Tower
07:38 Scout Tower
07:40 Scout Tower
07:42 Scout Tower
07:44 Scout Tower
07:48 Scout Tower
08:18 Guard Tower
08:31 Guard Tower
08:40 Blacksmith
09:12 Castle
09:21 Gryphon Aviary
09:41 Gryphon Aviary
11:27 Farm
11:30 Scout Tower
12:04 Guard Tower
12:31 Guard Tower
12:32 Guard Tower
12:32 Guard Tower
12:39 Guard Tower
12:40 Guard Tower
14:10 Town Hall
14:13 Town Hall
14:17 Scout Tower
14:18 Scout Tower
14:19 Scout Tower
14:21 Scout Tower
14:22 Scout Tower
14:25 Scout Tower
14:27 Scout Tower
14:29 Scout Tower
14:31 Scout Tower
15:40 Guard Tower
15:45 Guard Tower
15:58 Guard Tower
16:21 Guard Tower
16:21 Guard Tower
16:22 Guard Tower
16:38 Gryphon Aviary
16:41 Gryphon Aviary
16:45 Farm
16:51 Farm
16:55 Farm
16:57 Farm
19:51 Scout Tower
19:51 Scout Tower
19:52 Scout Tower
19:53 Scout Tower
20:14 Scout Tower
20:15 Scout Tower
20:19 Scout Tower
20:20 Scout Tower
20:21 Scout Tower
20:23 Scout Tower
20:55 Guard Tower
22:34 Guard Tower
22:40 Guard Tower
25:13 Workshop
25:15 Workshop
» items
| Scroll of Regeneration | 10 | |
| Scroll of Town Portal | 10 | |
| Orb of Fire | 1 | |
| Potion of Healing | 2 | |
| Ivory Tower | 3 | |
| Boots of Speed | 1 | |
| Periapt of Vitality | 1 | |
| Staff of Teleportation | 1 | |
| Scroll of Protection | 1 | |
| Scroll of Healing | 1 | |
| Mechanical Critter | 2 | |
33 total
WHOOP-GOLDBERG (
teal | 68 APM | 2372 actions | 34:55)
5 Naga Sea Witch
3 Frost Arrows
2 Forked Lightning
1 Mountain King
1 Storm Bolt
» actions
| Assign group hotkey | 77 | |
| Build / train | 110 | |
| Enter build submenu | 22 | |
| Enter hero's abilities submenu | 6 | |
| Give item / drop item | 5 | |
| Remove unit from queue | 3 | |
| Right click | 944 | |
| Select / deselect | 305 | |
| Select group hotkey | 742 | |
| Use ability | 157 | |
2372 total
» units
| Peasant | 16 | |
| Sorceress | 5 | |
| Mortar Team | 5 | |
| Flying Machine | 16 | |
42 total
» upgrades
| Masonry | 3 | |
| Lumber Harvesting | 2 | |
| Magic Sentry | 1 | |
| Sorceress Training | 2 | |
| Gunpowder | 2 | |
| Fragmentation Shards | 1 | |
| Flare | 1 | |
| Plating | 2 | |
| Barrage | 1 | |
| Flak Cannons | 1 | |
| Flying Machine Bombs | 1 | |
17 total
» buildings
| Altar of Kings | 1 | |
| Farm | 13 | |
| Scout Tower | 24 | |
| Lumber Mill | 1 | |
| Arcane Tower | 9 | |
| Arcane Vault | 1 | |
| Keep | 1 | |
| Guard Tower | 1 | |
| Castle | 1 | |
| Arcane Sanctum | 2 | |
| Town Hall | 2 | |
| Blacksmith | 1 | |
| Workshop | 4 | |
61 total
» build order
00:08 Altar of Kings
00:16 Farm
01:12 Scout Tower
01:35 Lumber Mill
01:42 Farm
01:43 Arcane Tower
02:17 Arcane Vault
02:38 Farm
02:52 Farm
03:37 Keep
03:44 Scout Tower
03:44 Scout Tower
03:45 Scout Tower
03:45 Scout Tower
03:46 Scout Tower
03:46 Scout Tower
03:47 Scout Tower
03:47 Scout Tower
03:48 Scout Tower
03:48 Scout Tower
03:48 Scout Tower
03:49 Scout Tower
03:50 Scout Tower
03:50 Scout Tower
03:50 Scout Tower
03:51 Scout Tower
04:51 Guard Tower
06:38 Castle
06:47 Arcane Tower
06:55 Arcane Sanctum
07:30 Arcane Tower
07:53 Arcane Tower
08:09 Arcane Tower
09:15 Town Hall
09:17 Scout Tower
09:17 Scout Tower
09:17 Scout Tower
09:18 Scout Tower
10:25 Arcane Tower
11:04 Scout Tower
11:05 Scout Tower
11:06 Scout Tower
11:17 Arcane Tower
11:42 Arcane Tower
12:57 Arcane Tower
13:40 Arcane Sanctum
13:45 Farm
13:46 Farm
13:46 Farm
13:46 Farm
13:47 Farm
13:48 Farm
13:48 Farm
16:46 Blacksmith
17:55 Workshop
18:10 Workshop
20:55 Workshop
21:01 Workshop
24:34 Farm
24:35 Farm
28:44 Town Hall
» items
| Staff of Teleportation | 1 | |
| Boots of Speed | 1 | |
| Potion of Healing | 7 | |
| Ivory Tower | 2 | |
| Orb of Fire | 1 | |
| Scroll of Town Portal | 7 | |
| Potion of Invisibility | 1 | |
| Scroll of Regeneration | 4 | |
| Lesser Clarity Potion | 2 | |
26 total
Chat log
(00:11 / Allies) massitems: hello
(00:13 / All) JakeFalstaff: SPIDERMAN
(00:14 / All) JakeFalstaff: SPIDER
(00:16 / All) JakeFalstaff: DOING WHATEVER
(00:18 / All) JakeFalstaff: A SPIDER CAN
(00:26 / All) JakeFalstaff: LOOK OUT!
(00:29 / All) JakeFalstaff: HERE COMES THE SPIDERMAN!
(00:49 / All) JakeFalstaff: Some call me Turncoat
(01:04 / All) JakeFalstaff: I prefer the name Lord Farsanky, I coined it myself
(01:08 / All) metilica: others call u a faggot
(01:16 / All) Turncoat: I'm Turncoat bro
(01:17 / All) Turncoat: not you
(01:18 / All) JakeFalstaff: Only imbeciles such as yourself, sir
(01:19 / All) Turncoat: name thief!
(01:42 / All) JakeFalstaff: Jake Flamestaff the incredible whale
(02:02 / All) Turncoat: AI VIS LOLOP!
(02:14 / All) JakeFalstaff: Blue are you a big fan of the band?
(02:21 / All) JakeFalstaff: I bet you have lots of Metilica cds
(02:29 / All) Turncoat: metillica
(02:30 / All) JakeFalstaff: where it says "Metilica" on the cases
(02:30 / All) Turncoat: good spelling
(03:01 / All) WHOOP-GOLDBERG: PICK A TAVERN HERO
(03:14 / All) Turncoat: naga sea witch
(03:23 / All) WHOOP-GOLDBERG: GREAT
(05:13 / All) JakeFalstaff: very good
(05:30 / All) JakeFalstaff: chase me with your level 1 bm clown
(05:36 / All) Turncoat: immolation lol
(05:48 / All) WHOOP-GOLDBERG: DIE DH
(05:52 / All) Turncoat: sick tp
(06:00 / All) JakeFalstaff: Blue you are good
(06:04 / All) WHOOP-GOLDBERG: focus ARCHMAE HE IS SCANDALOUS
(06:08 / All) WHOOP-GOLDBERG: LAWL
(06:09 / All) Turncoat: hahahahahahhaha
(06:19 / All) Turncoat: he raged out
(06:21 / All) WHOOP-GOLDBERG: THIS SUPER SAYIAN ASSHOLE
(06:32 / All) JakeFalstaff: why would you harass level 1 you goddamn noob
(07:20 / All) JakeFalstaff: blue true sign of a noob harasses level 1
(07:27 / All) metilica: shh
(07:37 / All) WHOOP-GOLDBERG: wood plz blue or red
(07:45 / All) metilica: true sign of a noob hu is getting am
(07:47 / All) JakeFalstaff: fucking 15 years old at bset
(08:02 / All) JakeFalstaff: it's the backbone of the human army moron
(08:14 / All) metilica: no it is isnt mk is
(08:19 / All) JakeFalstaff: LOL
(08:42 / All) metilica: ur a retard if u think am is any good
(08:44 / All) JakeFalstaff: comedy
(09:02 / All) JakeFalstaff: YOU'RE OGNNA GET IT
(09:03 / All) Turncoat: mass tp is worst ulti in the game right
(09:06 / All) JakeFalstaff: LOL
(09:09 / All) JakeFalstaff: SPEED SCROLL
(09:12 / All) JakeFalstaff: THAT MAKES YOU ATTACK FASTER
(09:25 / All) JakeFalstaff: I learn a lot from blue
(09:32 / All) JakeFalstaff: gonna hall?
(09:39 / All) JakeFalstaff: get speed scroll and use it as you attack the hall
(10:05 / All) Turncoat: he must be a ladder superstar
(10:15 / All) JakeFalstaff: sorry you guys have blue on your team
(10:20 / Allies) metilica: wow
(10:23 / All) JakeFalstaff: it's not fair
(10:25 / Allies) metilica: these guys are so cocky
(10:27 / All) JakeFalstaff: I know
(10:39 / Allies) Turncoat: because we have you :(
(10:53 / All) JakeFalstaff: fucking badass
(11:35 / Allies) metilica: help plz
(12:35 / All) WHOOP-GOLDBERG: he canceled lolz
(12:55 / Allies) Turncoat: ty
(13:02 / Allies) WHOOP-GOLDBERG: use reveal on my towers if u want pink
(13:16 / All) JakeFalstaff: METILICA!
(13:21 / All) Turncoat: pit lord should be int hero, only reason to get it is for its spells
(13:37 / All) metilica: whats ur point of TRYING to troll nme
(13:44 / All) metilica: its not working
(14:13 / Allies) metilica: gold plz
(14:15 / Allies) metilica: i need alot
(14:23 / Allies) metilica: been
(14:30 / Allies) metilica: getting harrased
(14:33 / All) JakeFalstaff: Blue you're good at this game man
(14:35 / All) JakeFalstaff: I'm not playing
(14:43 / All) WHOOP-GOLDBERG: super sayian gohan mad at me
(14:45 / All) metilica: so much hate
(15:00 / Allies) Turncoat: stop autofollowing
(15:01 / Allies) Turncoat: so fucking bad
(15:33 / Allies) metilica: omg
(15:36 / Allies) metilica: teal u sck
(15:43 / Allies) Turncoat: wood please
(15:51 / Allies) Turncoat: you hit here blue
(17:45 / Allies) metilica: teal has 4k gold
(17:50 / Allies) metilica: his just sucing the gold off the mapo
(17:51 / Allies) Turncoat: I have 5k
(17:52 / Allies) metilica: and not spending it
(17:59 / Allies) metilica: then pass me some
(18:04 / Allies) Turncoat: wood please
(18:06 / All) WHOOP-GOLDBERG: I SHOULDN'T HAVE MOVED I COULD HAVE GOT HIS HALL WITH COLD ARROWSSS
(18:07 / Allies) Turncoat: surely you don't need it?
(18:09 / Allies) Turncoat: you have 1.2k
(18:14 / Allies) metilica: i dont have any gold
(18:20 / Allies) Turncoat: well I have no wood
(18:23 / Allies) Turncoat: looks like we both have issues
(18:35 / Allies) Turncoat: ty
(18:44 / Allies) Turncoat: inc
(18:51 / All) JakeFalstaff: nice expansion lol
(18:56 / All) metilica: nice mh
(19:04 / All) JakeFalstaff: yeah lol
(19:31 / All) WHOOP-GOLDBERG: HAHA WHAT AN IDIET TAUREN VS GRIFFS
(19:32 / Allies) metilica: fuck u guys
(19:44 / All) WHOOP-GOLDBERG: U GET EM YELLOW
(19:48 / Allies) metilica: if someone with aa
(19:51 / Allies) metilica: would fucken help me
(19:57 / Allies) Turncoat: if
(20:12 / Allies) metilica: if teal
(20:15 / Allies) metilica: wasent a retard
(20:25 / All) WHOOP-GOLDBERG: AHH
(20:39 / All) metilica: Go fucking kill urself team
(20:45 / All) metilica: And i will team kill u yellow
(20:49 / All) metilica: wekk
(20:51 / All) metilica: Well
(20:53 / All) metilica: all of u
(21:17 / Allies) Turncoat: units
(21:18 / Allies) Turncoat: units
(21:20 / Allies) Turncoat: not sorcs and mortars
(21:27 / Allies) Turncoat: turncoat lagged out
(21:29 / Allies) Turncoat: make shit
(21:36 / Allies) metilica: his a ffucken noob
(21:45 / Allies) metilica: just like u
(21:52 / Allies) Turncoat: lol
(21:59 / Allies) Turncoat: even they thought you were terrible
(22:08 / Allies) metilica: no
(22:10 / Allies) metilica: one of them
(22:13 / Allies) metilica: was talking shit
(22:17 / Allies) metilica: not all of them
(22:29 / Allies) metilica: shall i tell them what teals doing
(22:47 / Allies) metilica: i think i may
(23:02 / Allies) metilica: ill wait till his close to bas
(23:26 / Allies) massitems: ?
(24:03 / Allies) metilica: go cut ur wrist ok
(25:24 / Allies) Turncoat: omw
(25:38 / Allies) metilica: oh i see
(25:40 / Allies) metilica: u have hes back
(25:42 / Allies) metilica: but fuck me
(25:50 / Allies) Turncoat: yep you sucked he is better
(25:58 / Allies) metilica: im better then all of u
(26:03 / Allies) metilica: score will show me top
(26:04 / Allies) Turncoat: OK buddy
(26:08 / Allies) metilica: even withh no base
(26:19 / Allies) metilica: ur all trash
(26:28 / All) spidervan: gj
(26:29 / All) spidervan: gg
(26:35 / All) Turncoat: leave you lost
(26:58 / All) WHOOP-GOLDBERG: god ur a nigger purple
(27:18 / All) metilica: and ur a faggot id rather be a nigger then a faggot
(27:30 / All) Turncoat: We are 2v4ing this
(27:36 / Allies) Turncoat: kill worker
(27:38 / All) metilica: u are shit
(28:12 / All) WHOOP-GOLDBERG: out
(31:48 / Allies) Turncoat: you keep coming late with the copters
(31:48 / All) WHOOP-GOLDBERG: why u guys still here lolz
(32:05 / Allies) WHOOP-GOLDBERG: not really my fault lolz
(34:25 / All) Turncoat: stay
(34:26 / All) Turncoat: stay
(34:28 / All) Turncoat: we are backstabbing
(34:30 / All) Turncoat: it's not over yet
(34:32 / All) Turncoat: red is going to die
(34:39 / All) WHOOP-GOLDBERG: nice fans of knives purple
(34:40 / All) massitems: what
(34:42 / Allies) massitems: why me?